 Dungeon Crawl Stone Soup version 0.32-a0-818-gb728d0252e (webtiles) character file.

Game seed: 17504067899258752046

109 tilp the Sneak (level 4, -1/32 HPs)
             Began as a Vampire Enchanter on Mar 23, 2024.
             Slain by Grinder (3 damage)
             ... on level 3 of the Dungeon.
             The game lasted 00:03:38 (2092 turns).

tilp the Sneak (Vampire Enchanter)                  Turns: 2092, Time: 00:03:38

Health: -1/32      AC:  7    Str:  9    XL:     4   Next: 60%
Magic:  0/7        EV: 11    Int: 19    God:
Gold:   92         SH:  0    Dex: 14    Spells: 2/7 levels left

rFire   . . .        a - +1 dagger
rCold   . . .        (no shield)
rNeg    . . .        n - +3 leather armour of the Swamp {rPois Str+2 SInv}
rPois   +            (no helmet)
rElec   .            h - +0 cloak
rCorr   .            (no gloves)
SInv    +            (no boots)
Will    +....        d - amulet of regeneration
Stlth   +++          e - ring of willpower
HPRegen 1.25/turn    (no ring)
MPRegen 0.10/turn

%: no passive effects
@: very slightly contaminated, healing quickly
A: alive, fangs 3, see invisible, vampiric 2
a: Exsanguinate


You were on level 3 of the Dungeon.
You visited 1 branch of the dungeon, and saw 3 of its levels.

You collected 92 gold pieces.

Inventory:

Hand Weapons
 a - a +1 dagger (weapon)
Missiles
 g - 2 boomerangs (quivered)
Armour
 h - a +0 cloak (worn)
 n - the +3 leather armour of the Swamp (worn) {rPois Str+2 SInv}
   (You found it on level 2 of the Dungeon)

   Str+2:     It affects your strength (+2).
   rPois:     It protects you from poison.
   SInv:      It lets you see invisible.
Jewellery
 d - an amulet of regeneration (around neck)
 e - a ring of willpower (left hand)
Scrolls
 b - a scroll of enchant weapon {unknown}
 f - a scroll of noise {unknown}
 j - a scroll of fog {unknown}
Potions
 c - a potion of invisibility
 i - a potion of ambrosia
 l - a potion of brilliance {unknown}


   Skills:
 * Level 1.2 Fighting
 + Level 1.5(2.0) Short Blades
 * Level 1.5(1.9) Long Blades
 + Level 0.7 Armour
 + Level 2.8 Dodging
 + Level 4.8 Stealth
 + Level 0.9 Shields
 + Level 2.3 Spellcasting
 + Level 4.7 Hexes
 + Level 0.5 Evocations


You had 2 spell levels left.
You knew the following spells:

 Your Spells              Type           Power      Damage    Failure   Level
a - Ensorcelled Hibernat  Hex/Ice        22%        N/A       13%         2
b - Confusing Touch       Hex            20%        N/A       10%         3

Your spell library contained the following spells:

 Spells                   Type           Power      Damage    Failure   Level
 Tukima's Dance           Hex            20%        N/A       10%         3
 Dazzling Flash           Conj/Hex       22%        N/A       26%         3
 Stone Arrow              Conj/Erth      4%         3d7       56%         3
 Animate Armour           Summ/Erth      4%         N/A       92%         4
 Lehudib's Crystal Spear  Conj/Erth      1%         10d2      100%        8


Dungeon Overview and Level Annotations

Branches:
Dungeon (3/15)

Altars:

Shops:
D:2 =

Annotations:
D:3 Grinder


Innate Abilities, Weirdness & Mutations

Your natural rate of healing is accelerated.
You have razor-sharp teeth.
You have supernaturally acute eyesight. (SInv)
You are afflicted with vampirism and can become a bat while bloodless.


Message History

* * * LOW HITPOINT WARNING * * *
You hit Grinder but do no damage.
Grinder appears confused.
You hit Grinder.
Grinder is lightly wounded.
Grinder hits you!
* * * LOW HITPOINT WARNING * * *
You barely miss Grinder.
Grinder is lightly wounded.
Grinder closely misses you.
Grinder hits herself!
You hit Grinder. You bite Grinder.
Grinder is moderately wounded.
You hit Grinder.
Grinder is moderately wounded.
You hit Grinder but do no damage.
Grinder is moderately wounded.
Grinder hits you.
* * * LOW HITPOINT WARNING * * *
You hit Grinder.
Grinder is heavily wounded.
You hit Grinder.
Grinder is heavily wounded.
You hit Grinder.
Grinder is heavily wounded.
Grinder seems less confused.
Grinder hits you.
* * * LOW HITPOINT WARNING * * *
You writhe in agony.
* * * LOW HITPOINT WARNING * * *
You hit Grinder.
Grinder is heavily wounded.
Grinder barely misses you.
Unknown command.
Casting: Confusing Touch (quite dangerous; 10% risk of failure)
Confirm with . or Enter, or press ? or * to list all spells.
You miscast Confusing Touch.
You are very lightly contaminated with residual magic.
Nothing appears to happen.
Grinder hits you.
* * * LOW HITPOINT WARNING * * *
You writhe in agony.
You die...
Grinder sighs, "Dead already?
I want a refund."

.#####..##...#.# #.#
........>....#.# #†#
.#####.#######.###.#
#......##...).####
######.##........#
#######.##........#
.........#........#
.........#........#
.
............@.....#
.##
##########.5......#
..# #........# #.#
#..).....# #.#
##.####### #.# #.#
#.# ###########.#
#.# #.....#...#.#
#.###.##.##.#.#)#


You could see Grinder.

Vanquished Creatures
  Jessica (D:2)
  4 gnolls (D:3)
  2 dart slugs
  A ribbon worm (D:2)
  3 ball pythons (D:1)
  2 endoplasms (D:2)
  2 giant cockroaches (D:1)
  3 jackals (D:3)
  4 kobolds
  A quokka (D:2)
  5 bats
  2 frilled lizards (D:1)
  7 goblins (D:2)
  3 rats
40 creatures vanquished.

Notes
Turn   | Place    | Note
-------+----------+-------------------------------------------
     0 | D:1      | tilp the Vampire Enchanter began the quest for the Orb.
     0 | D:1      | Reached XP level 1. HP: 13/13 MP: 3/3
   428 | D:1      | Reached XP level 2. HP: 20/20 MP: 5/5
   431 | D:1      | Learned a level 2 spell: Ensorcelled Hibernation
  1124 | D:2      | Found Daocwe Wiph's Jewellery Shop.
  1236 | D:2      | Gained mutation: You are afflicted with vampirism and can
                  | become a bat while bloodless. [Vampire growth]
  1236 | D:2      | Reached XP level 3. HP: 23/25 MP: 6/6
  1240 | D:2      | Learned a level 3 spell: Confusing Touch
  1267 | D:2      | Identified the +5 quarterstaff of Undoing {flame, Fly rC-
                  | MP+9 Dex+6}
  1314 | D:2      | Identified the +3 leather armour of the Swamp {rPois Str+2
                  | SInv}
  1406 | D:2      | Noticed Jessica
  1410 | D:2      | Killed Jessica
  1411 | D:2      | Reached skill level 1 in Fighting
  1411 | D:2      | Reached skill level 1 in Long Blades
  1954 | D:3      | Reached XP level 4. HP: 32/32 MP: 2/7
  1956 | D:3      | Noticed Grinder
  2090 | D:3      | HP: 1/32 [Grinder (6)]
  2092 | D:3      | Slain by Grinder

Illustrated notes

Levels and vault maps discovered:
D:1:      dreamdust_arrival_sigmund_warning, layout_loops_corners
D:2:      layout_loops_ring, serial_shops, shop, uniq_jessica
D:3:      layout_basic, uniq_grinder

Skill      XL: |  1  2  3 |
---------------+----------+-----
Fighting       | 1 |  1.2
Long Blades    | 1 |  1.5
Short Blades   | |  1.5
Armour         | |  0.7
Dodging        | |  2.8
Stealth        | |  4.8
Shields        | |  0.9
Spellcasting   | |  2.3
Hexes          | |  4.7
Evocations     | |  0.5

Action                     |  1- 3 |  4- 6 || total
---------------------------+-------+-------++-------
  Melee: Dagger            |   136 |    46 ||   182
         Bite              |     9 |     4 ||    13
   Cast: Ensorcelled Hiber |     6 |       ||     6
         Confusing Touch   |       |     2 ||     2
    Use: Scroll            |     6 |     1 ||     7
         Potion            |       |     1 ||     1
   Stab: Sleeping          |    11 |       ||    11
         Invisible         |       |     5 ||     5
 Armour: Robe              |    42 |       ||    42
         Leather armour    |    29 |    32 ||    61
  Dodge: Dodged            |    68 |    32 ||   100

Table legend: (Time is in decaauts)
 A = Elapsed time spent in this place.
 B = Non-inter-level travel time spent in this place.
 C = Inter-level travel time spent in this place.
 D = Time resting spent in this place.
 E = Time spent auto-exploring this place.
 F = Levels seen in this place.
 G = Mean time per level.
                   A        B        C        D        E       F      G
               +--------+--------+--------+--------+--------+-----+--------+
         Total |   2077 |   1927 |    150 |      6 |   1470 |   3 |  692.3 |
       Dungeon |   2077 |   1927 |    150 |      6 |   1470 |   3 |  692.3 |
               +--------+--------+--------+--------+--------+-----+--------+

Top non-repeatable levels by time:
     D:1: 998 daAuts
     D:2: 808 daAuts
     D:3: 270 daAuts
